 Dungeon Crawl Stone Soup version 0.31-a0-1074-g0b22e4e0f1 (webtiles) character file.

Game seed: 17992640477782094153

232 wildpjah the Ducker (level 6, -9/47 HPs)
             Began as a Merfolk Gladiator on Nov 27, 2023.
             Killed by divine providence
             ... invoked by an orc priest
              (16 damage)
             ... on level 4 of the Dungeon.
             The game lasted 00:06:34 (2218 turns).

wildpjah the Ducker (Merfolk Gladiator)             Turns: 2218, Time: 00:06:36

Health: -9/47      AC: 11    Str: 12 (14) XL:     6   Next: 4%
Magic:  6/6        EV: 14    Int:  5 (8)  God:
Gold:   252        SH:  0    Dex: 15 (17) Spells: 5/5 levels left

rFire   . . .        a - +1 long sword (protect)
rCold   + . .        (no shield)
rNeg    . . .        b - +0 leather armour
rPois   .            c - +0 helmet
rElec   .            (no cloak)
rCorr   .            (no gloves)
SInv    .            (no boots)
Will    .....        (no amulet)
Stlth   +            l - ring of protection from cold
HPRegen 0.27/turn    (no ring)
MPRegen 0.10/turn

%: no passive effects
@: lethally poisoned (-9 -> -30), under a protective aura
A: (nimble swimmer 2), mertail
a: no special abilities


You were on level 4 of the Dungeon.
You visited 1 branch of the dungeon, and saw 4 of its levels.

You collected 252 gold pieces.

Inventory:

Hand Weapons
 a - a +1 long sword of protection (weapon)
Missiles
 d - 3 throwing nets (quivered)
 e - a javelin
Armour
 b - a +0 leather armour (worn)
 c - a +0 helmet (worn)
Jewellery
 l - a ring of protection from cold (left hand)
 m - a ring of fire
Scrolls
 g - a scroll of identify {unknown}
 i - a scroll of teleportation
Potions
 h - a potion of heal wounds
 j - a potion of cancellation {unknown}
 o - 2 potions of curing {unknown}
 p - a potion of invisibility {unknown}
 q - a potion of might {unknown}


   Skills:
 + Level 3.1 Fighting
 + Level 5.6 Long Blades
 + Level 2.2 Throwing
 + Level 1.2 Armour
 * Level 5.8 Dodging
 + Level 0.3 Stealth


You had 5 spell levels left.
You didn't know any spells.
Your spell library was empty.

Dungeon Overview and Level Annotations

Branches:
Dungeon (4/15)
 Temple: D:4-7

Altars:
Zin

Shops:
D:1 (


Innate Abilities, Weirdness & Mutations

((You are very nimble when in or above water. (Stealth+, EV+, Speed+++)))
Your lower body shifts to a powerful aquatic tail in water.


Message History

You closely miss the orc wizard.
The orc wizard is moderately wounded.
You feel sick. The orc wizard closely misses you.
The orc wizard mumbles some strange words.
The orc wizard flickers and vanishes!
You slash something!
Reactivating autopickup.
You feel a bit more experienced.
You feel sick.
You are no longer poisoned.
You have reached level 6!
Deactivating autopickup; reactivate with Ctrl-A.
You hit something but do no damage.
You hear some strange, mumbled words.
A puff of flame appears from out of thin air!
The puff of flame misses you.
You barely miss something.
The orc priest calls down the wrath of Beogh upon you.
Something writhes in agony!
Something hits you but does no damage.
You are poisoned.
You miss something.
You feel very sick. Something hits you but does no damage.
You are more poisoned.
You miss something.
You feel very sick. Something hits you.
You are lethally poisoned!
You hit something but do no damage.
* * * LOW HITPOINT WARNING * * *
You feel very sick. Something hits you but does no damage.
You are more poisoned.
It was a potion of degeneration.
There was something very wrong with that liquid.
You feel weakened.
You feel dopey.
You feel clumsy.
* * * LOW HITPOINT WARNING * * *
You feel very sick.
The orc priest calls down the wrath of Beogh upon you.
Beogh smites you!
You die...

#.# #.#
#.#
#[####
#....#
####.#
######.#
#......#
#@######
#{# #o#
#.# #.#
#.# #.#
###


You could see an orc priest.

Vanquished Creatures
  An orc priest (D:3)
  3 orc wizards
  A gnoll (D:1)
  An adder (D:2)
  A worm (D:2)
  4 dart slugs
  11 orcs
  10 bats
  5 endoplasms
  A giant cockroach (D:2)
  7 goblins
  9 hobgoblins
  7 jackals
  5 kobolds
  4 quokkas
  6 ball pythons
  A frilled lizard (D:1)
  5 rats
82 creatures vanquished.

Notes
Turn   | Place    | Note
-------+----------+-------------------------------------------
     0 | D:1      | wildpjah the Merfolk Gladiator began the quest for the Orb.
     0 | D:1      | Reached XP level 1. HP: 16/16 MP: 1/1
   185 | D:1      | Reached XP level 2. HP: 21/22 MP: 2/2
   437 | D:1      | Reached XP level 3. HP: 27/28 MP: 3/3
   722 | D:1      | Found Pumodyff's Weapon Emporium.
   722 | D:1      | Noticed a +0 bardiche
   725 | D:1      | Noticed a +0 rapier
  1080 | D:2      | Reached XP level 4. HP: 31/34 MP: 4/4
  1604 | D:3      | Reached skill level 5 in Dodging
  1623 | D:3      | Reached skill level 5 in Long Blades
  1623 | D:3      | Reached XP level 5. HP: 13/40 MP: 5/5
  1641 | D:3      | HP: 2/40 [something/magic dart (4)]
  1844 | D:3      | Found a glowing silver altar of Zin.
  1902 | D:3      | Reached skill level 1 in Armour
  2213 | D:4      | Reached XP level 6. HP: 25/47 MP: 6/6
  2218 | D:4      | Killed from afar by an orc priest

Illustrated notes

Levels and vault maps discovered:
D:1:      lightli_arrival_quake, layout_loops_ring, serial_shops,
          nicolae_shop_mannequins
D:2:      layout_rooms, serial_aquarium, aquarium_bridge_square
          [aquarium_subvault_wall, aquarium_subvault_balcony,
          aquarium_subvault_window, aquarium_subvault_bridge],
          aquarium_window_fake, aquarium_window_corridor_2, aquarium_window_2,
          aquarium_window_fake, aquarium_view_2g, aquarium_balcony_3a
D:3:      layout_rooms, zin_treasury, kennysheep_big_empty_room
D:4:      layout_basic, minmay_three_crescents, uniq_crazy_yiuf_cottage

Skill      XL: |  1  2  3  4  5 |
---------------+----------------+-----
Long Blades    | 4 5 |  5.6
Dodging        | 5 |  5.8
Armour         | 1 |  1.2
Fighting       | 3 |  3.1
Throwing       | |  2.2
Stealth        | |  0.3

Action                     |  1- 3 |  4- 6 || total
---------------------------+-------+-------++-------
  Melee: Long sword        |   117 |   144 ||   261
         Punch             |       |     1 ||     1
         Tailslap          |       |     1 ||     1
    Use: Scroll            |       |     4 ||     4
         Potion            |       |     3 ||     3
   Stab: Sleeping          |       |     1 ||     1
 Armour: Leather armour    |    61 |    90 ||   151
  Dodge: Dodged            |   103 |   117 ||   220

Table legend: (Time is in decaauts)
 A = Elapsed time spent in this place.
 B = Non-inter-level travel time spent in this place.
 C = Inter-level travel time spent in this place.
 D = Time resting spent in this place.
 E = Time spent auto-exploring this place.
 F = Levels seen in this place.
 G = Mean time per level.
                   A        B        C        D        E       F      G
               +--------+--------+--------+--------+--------+-----+--------+
         Total |   2256 |   2135 |    121 |      0 |   1550 |   4 |  564.0 |
       Dungeon |   2256 |   2135 |    121 |      0 |   1550 |   4 |  564.0 |
               +--------+--------+--------+--------+--------+-----+--------+

Top non-repeatable levels by time:
     D:1: 877 daAuts
     D:2: 737 daAuts
     D:3: 531 daAuts
     D:4: 110 daAuts
